 Dungeon Crawl Stone Soup version 0.27-a0-1358-ga0a28fc8c3 (webtiles) character file.

Game seed: 2202184645080981418

2725 2tc the Transmogrifier (level 9, -13/64 HPs)
             Began as a Grey Draconian Transmuter on June 28, 2021.
             Was a Follower of Uskayaw.
             Killed from afar by a steam dragon (17 damage)
             ... with a ball of steam
             ... on level 7 of the Dungeon.
             The game lasted 00:26:23 (8239 turns).

2tc the Transmogrifier (Grey Draconian Transmuter)  Turns: 8239, Time: 00:26:24

Health: -13/64     AC:  2    Str: 18    XL:     9   Next: 40%
Magic:  10/12      EV: 19    Int: 14    God:    Uskayaw [*.....]
Gold:   397        SH:  0    Dex: 20    Spells: 2/12 levels left

rFire    . . .     SeeInvis .     - Unarmed
rCold    . . .     Faith    .   (shield currently unavailable)
rNeg     . . .     Spirit   .   (armour unavailable)
rPois    x         Reflect  .   (helmet currently unavailable)
rElec    .         Harm     .   (cloak currently unavailable)
rCorr    .         Rampage  .   (gloves currently unavailable)
Will     .....                  (boots currently unavailable)
Stlth    ++........             (no amulet)
HPRegen  0.20/turn              a - +6 ring of strength
MPRegen  0.13/turn              (no ring)

@: spider-form (expiring), wereblooded, hasted, very quick
A: venomous fangs, AC +12, (amphibious), tiny, unfitting armour, (cold-blooded)
a: End Transformation, Renounce Religion, Stomp


You were on level 7 of the Dungeon.
You worshipped Uskayaw.
Uskayaw was noncommittal.
You were a venomous arachnid creature.
You visited 2 branches of the dungeon, and saw 10 of its levels.

You collected 397 gold pieces.

Inventory:

Armour
 e - a +0 cloak (melded)
Jewellery
 a - a +6 ring of strength (left front leg)
 f - an amulet of magic regeneration
Wands
 b - a wand of polymorph (8)
Scrolls
 c - 3 scrolls of identify
 d - 2 scrolls of teleportation
 g - a scroll of enchant weapon
 l - a scroll of amnesia
Potions
 h - a potion of brilliance
 k - a potion of attraction


   Skills:
 - Level 1.1 Fighting
 - Level 1.7 Dodging
 - Level 9.2 Unarmed Combat
 - Level 2.0 Spellcasting
 * Level 9.8 Transmutations


You had 2 spell levels left.
You knew the following spells:

 Your Spells              Type           Power      Damage    Failure   Level
a - Beastly Appendage     Tmut           58%        N/A       3%          1
b - Wereblood             Tmut           29%        N/A       4%          2
c - Ice Form              Ice/Tmut       15%        N/A       52%         4
d - Spider Form           Tmut/Pois      7%         N/A       24%         3

Your spell library contained the following spells:

 Spells                   Type           Power      Damage    Failure   Level
 Animate Skeleton         Necr           2%         N/A       45%         1
 Pain                     Necr           4%         1d4       45%         1
 Shock                    Conj/Air       4%         1d3       45%         1
 Vampiric Draining        Necr           0%         2d6       77%         3
 Animate Dead             Necr           0%         N/A       98%         4
 Summon Ice Beast         Ice/Summ       1%         N/A       98%         4
 Agony                    Necr           1%         N/A       100%        5
 Starburst                Conj/Fire      0%         8x6d3     100%        6
 Dragon's Call            Summ           0%         N/A       100%        9


Dungeon Overview and Level Annotations

Branches:
Dungeon (9/15)             Temple (1/1) D:6
   Lair: D:8-11         Orc: D:9-12

Altars:
Ashenzari
Dithmenos
Elyvilon
Fedhas
Gozag
Makhleb
Nemelex Xobeh
Okawaru
Qazlal
Ru
Sif Muna
Trog
Uskayaw
Vehumet
Wu Jian
Xom
Yredelemnul
Zin
The Shining One

Shops:
D:1 [

Annotations:
D:6 Prince Ribbit


Innate Abilities, Weirdness & Mutations

You are a venomous arachnid creature.
You have poisonous fangs.
You are tiny and dextrous.
Your spellcasting is less reliable in this form.
Your armour is entirely melded.
You are incapable of wielding weapons or throwing items.
((Your dull iron-grey scales are very hard. (AC +12)))
((You are amphibious.))
You cannot fit into any form of body armour.
((You are cold-blooded and may be slowed by cold attacks.))


Message History

The manticore claws you!
You bite the manticore!
The manticore looks as sick as possible!
The manticore is heavily wounded.
The manticore bites you!
* * * LOW HITPOINT WARNING * * *
The manticore misses you. The manticore closely misses you.
You can now pass through a line of other dancers.
The manticore flicks its tail.
The volley of spikes hits you!
The barbed spikes become lodged in your body.
* * * LOW HITPOINT WARNING * * *
Okay, then.
Okay, then.
As you read the scroll of fear, it crumbles to dust.
You assume a fearsome visage.
The manticore looks frightened!
You can no longer pass through a line of other dancers.
As you read the scroll of teleportation, it crumbles to dust.
You feel strangely unstable.
You carefully extract the barbed spikes from your body.
Your transformation is almost over.
Your surroundings suddenly seem different.
Found 155 gold pieces, 2 bubbling orange potions and a trident.
A steam dragon comes into view.
The steam dragon hisses angrily.
A steam dragon is nearby!
You feel yourself speed up.
You barely miss the steam dragon. You barely miss the steam dragon.
The steam dragon bites you but does no damage.
The steam dragon claws you.
* * * LOW HITPOINT WARNING * * *
You bite the steam dragon!
The steam dragon is poisoned.
The steam dragon is heavily wounded.
You hit the steam dragon but do no damage.
The steam dragon looks as sick as possible!
The steam dragon is heavily wounded.
The steam dragon breathes steam at you. The ball of steam hits you!
You die...

# # #+#### ##
....## $$###...#
)$$$##s.# .# #
#$!$.##D###..# #
#$$.D$#.....# ##
#$..$#.##### .##
#$....# #.......
..### ###...#
........
....#####
.......##
........
........#####+###
........
......#........
......


You could see a steam dragon (extremely poisoned, catching breath).

Vanquished Creatures
  2 steam dragons (D:6)
  4 water moccasins
  4 ice beasts
  2 ogres (D:6)
  2 necrophages
  2 phantoms
  2 centaurs
  A bullfrog (D:6)
  2 scorpions
  2 bullfrog skeletons (D:6)
  A bullfrog zombie (D:5)
  3 hounds (D:6)
  3 jellies
  4 orc priests
  An iguana (D:5)
  Natasha (thrice) (D:2)
  An orc wizard (D:5)
  3 hound skeletons (D:4)
  A howler monkey zombie (D:6)
  Robin (D:2)
  5 gnolls (D:6)
  7 adders
  A shadow imp (D:7)
  A white imp (D:5)
  An ufetubus (D:4)
  An adder skeleton (D:4)
  A worm (D:3)
  A dart slug (D:5)
  15 orcs
  4 bats
  7 endoplasms
  5 giant cockroaches
  13 goblins
  5 hobgoblins
  6 jackals
  3 quokkas (D:1)
  5 ball pythons
  A frilled lizard (D:3)
  4 kobolds
  11 rats
141 creatures vanquished.

Notes
Turn   | Place    | Note
-------+----------+-------------------------------------------
     0 | D:1      | 2tc the Draconian Transmuter began the quest for the Orb.
     0 | D:1      | Reached XP level 1. HP: 16/16 MP: 3/3
   358 | D:1      | Reached XP level 2. HP: 23/23 MP: 5/5
   438 | D:1      | Found Ineucur's Antique Armour Shop.
  1167 | D:2      | Learned a level 2 spell: Wereblood
  1196 | D:2      | Noticed Robin
  1208 | D:2      | Killed Robin
  1209 | D:2      | Reached XP level 3. HP: 20/28 MP: 2/6
  1550 | D:2      | Found a faded altar of an unknown god.
  1748 | D:2      | Noticed Natasha
  1752 | D:2      | Killed Natasha
  1753 | D:2      | Reached XP level 4. HP: 33/35 MP: 5/7
  1830 | D:2      | Noticed Natasha
  1844 | D:2      | Killed Natasha
  1845 | D:2      | Reached skill level 5 in Unarmed Combat
  1951 | D:2      | Noticed Natasha
  1961 | D:2      | Killed Natasha
  2133 | D:2      | Learned a level 4 spell: Ice Form
  2368 | D:3      | Reached XP level 5. HP: 40/40 MP: 8/8
  2791 | D:3      | Got the Incunabulum of Conjuration and Creation
  2898 | D:3      | Noticed a water moccasin
  2913 | D:3      | Killed a water moccasin
  2914 | D:3      | Reached XP level 6. HP: 14/47 MP: 7/9
  3440 | D:4      | Reached skill level 5 in Transmutations
  3447 | D:4      | Found a sparkling altar of Nemelex Xobeh.
  3760 | D:4      | Found a radiant altar of Vehumet.
  3760 | D:4      | Found a shimmering altar of Xom.
  3762 | D:4      | Found a sacrificial altar of Ru.
  3942 | D:4      | Found an opulent altar of Gozag.
  4090 | D:5      | Entered Level 5 of the Dungeon
  4187 | D:5      | Found a basalt altar of Yredelemnul.
  4229 | D:5      | Your scales start taking on a dull iron-grey colour.
  4229 | D:5      | Reached XP level 7. HP: 42/52 MP: 10/10
  4315 | D:5      | Found an ornate altar of the Wu Jian Council.
  5111 | D:5      | Learned a level 3 spell: Spider Form
  5152 | D:6      | Noticed a steam dragon
  5365 | D:6      | Found a staircase to the Ecumenical Temple.
  5395 | Temple   | Entered the Ecumenical Temple
  5490 | Temple   | Became a worshipper of Uskayaw the Reveller
  5503 | D:6      | Reached * piety under Uskayaw
  5511 | D:6      | Reached ** piety under Uskayaw
  5515 | D:6      | Reached *** piety under Uskayaw
  5518 | D:6      | Reached **** piety under Uskayaw
  5523 | D:6      | Reached XP level 8. HP: 24/59 MP: 9/11
  5524 | D:6      | Reached ***** piety under Uskayaw
  5774 | D:6      | Found a shadowy altar of Dithmenos.
  6064 | D:6      | Found a stormy altar of Qazlal.
  6104 | D:6      | Noticed Prince Ribbit
  7054 | D:6      | You fall into a shaft and drop 3 floors!
  7159 | D:7      | Reached XP level 9. HP: 63/64 MP: 12/12
  7999 | D:7      | You fall into a shaft and drop 2 floors!
  8077 | D:7      | Noticed a manticore
  8122 | D:7      | Found a white marble altar of Elyvilon.
  8202 | D:7      | Noticed a two-headed ogre
  8220 | D:7      | HP: 3/64 [manticore/volley of spikes (12)]
  8239 | D:7      | Killed from afar by a steam dragon

Illustrated notes

Levels and vault maps discovered:
D:1:      dpeg_arrival_connections, layout_basic, serial_shops, shop,
          minmay_misc_feat_rows, kennysheep_nondescript, amethyst_killhole
D:2:      layout_rooms, ebering_ecumenical_altar_rust, uniq_natasha, uniq_robin
D:3:      layout_basic, chequers_avenue, minmay_quantized
D:4:      layout_rooms, nemelex_xobeh_ov_fountains_minmay,
          lemuel_coloured_pillars_altar,
          chequers_temple_overflow_statue_of_worship, minmay_misc_feat_rugged
D:5:      layout_gridville, nicolae_overflow_crystal_walls, lemuel_crystal_altar
D:6:      layout_basic, amcnicky_altar_gilded, nicolae_dithmenos_shadow_blocks,
          minmay_temple_entry_statues_fountains, nicolae_water_bricks,
          minmay_fractal_squares_diagonal_5, uniq_prince_ribbit1
D:7:      minmay_the_grid_plus_closed [minmay_the_grid_gridbox,
          minmay_the_grid_spin_star, minmay_the_grid_dragon_b,
          minmay_the_grid_dragon_a, minmay_the_grid_prize_four_corners],
          layout_rooms, elyvilon_altar_1, kennysheep_generic_room_16,
          uniq_maggie
D:8:      layout_loops_corners, hellmonk_guarded_unrand_dark_maul
D:9:      minmay_bloctagon_deflated, layout_long_grid, chei_slow_surprise,
          kennysheep_vampire_church, minmay_lair_entry_grove,
          nicolae_transmutations_shop
Temple:   compressed_dpeg_triangle_lava_temple

Skill      XL: |  1  2  3  4  5  6  7  8  9 |
---------------+----------------------------+-----
Unarmed Combat | 4 5 6 9 |  9.2
Transmutations | 4 5 7 8 9 |  9.8
Fighting       | |  1.1
Dodging        | |  1.7
Spellcasting   | |  2.0

Action                   |  1- 3 |  4- 6 |  7- 9 || total
-------------------------+-------+-------+-------++-------
Melee: Unarmed           |   106 |   165 |   222 ||   493
       Headbutt          |     4 |    12 |    29 ||    45
       Tailslap          |     7 |    13 |    35 ||    55
       Kick              |     4 |    28 |    40 ||    72
       Punch             |     1 |     3 |    14 ||    18
 Cast: Beastly Appendage |     4 |    12 |    20 ||    36
       Wereblood         |     1 |     7 |     6 ||    14
       Spider Form       |       |       |     1 ||     1
Invok: Stomp             |       |       |     1 ||     1
  Use: Scroll            |     8 |     6 |     4 ||    18
       Potion            |       |     1 |     7 ||     8
 Stab: Sleeping          |       |     1 |       ||     1
       Paralysed         |       |       |     9 ||     9
Armor: Skin              |    27 |    59 |   115 ||   201
Dodge: Dodged            |    58 |   112 |   173 ||   343

Table legend: (Time is in decaauts)
 A = Elapsed time spent in this place.
 B = Non-inter-level travel time spent in this place.
 C = Inter-level travel time spent in this place.
 D = Time resting spent in this place.
 E = Time spent auto-exploring this place.
 F = Levels seen in this place.
 G = Mean time per level.
                   A        B        C        D        E       F      G
               +--------+--------+--------+--------+--------+-----+--------+
         Total |   8197 |   7905 |    292 |   2539 |   4090 |  10 |  819.7 |
       Dungeon |   8095 |   7814 |    281 |   2539 |   4090 |   9 |  899.4 |
        Temple |    102 |     91 |     11 |      0 |      0 |   1 |  102.0 |
               +--------+--------+--------+--------+--------+-----+--------+

Top non-repeatable levels by time:
     D:6: 1905 daAuts
     D:5: 1572 daAuts
     D:3: 1289 daAuts
     D:1: 1158 daAuts
     D:2: 987 daAuts
     D:4: 647 daAuts
     D:7: 411 daAuts
  Temple: 102 daAuts
     D:8: 91 daAuts
     D:9: 31 daAuts
